 Dungeon Crawl Stone Soup version 0.25-a0-413-g3b4b6a4ccc (webtiles) character file.

Game seed: 8966008891140028562, levelgen mode: deterministic

18 Anathary the Firebug (level 2, -4/20 HPs)
             Began as a Draconian Fire Elementalist on Jan 16, 2020.
             Slain by a worker ant (6 damage)
             ... on level 2 of the Dungeon.
             The game lasted 00:05:54 (916 turns).

Anathary the Firebug (Draconian Fire Elementalist)   Turns: 916, Time: 00:05:54

Health: -4/20      AC:  6    Str: 10    XL:     2   Next: 48%
Magic:  5/5        EV: 12    Int: 15    God:
Gold:   77         SH:  0    Dex: 11    Spells: 4/5 levels left

rFire    . . .     SeeInvis .   a - +2 dagger (vamp)
rCold    . . .     Gourm    .   (no shield)
rNeg     . . .     Faith    .   (armour unavailable)
rPois    .         Spirit   .   (helmet restricted)
rElec    .         Reflect  .   (no cloak)
rCorr    .         Harm     .   (no gloves)
MR       .....                  j - +1 pair of boots {Fly}
Stlth    ++........             (no amulet)
HPRegen  0.06/turn              (no ring)
MPRegen  0.09/turn              (no ring)

@: lethally poisoned (-4 -> -15), flying
A: unfitting armour, cold-blooded, AC +4
a: Stop Flying


You were on level 2 of the Dungeon.
You were not hungry.

You visited 1 branch of the dungeon, and saw 2 of its levels.

You collected 77 gold pieces.

Inventory:

Hand Weapons
 a - a +2 vampiric dagger (weapon)
Armour
 j - a +1 pair of boots of flying (worn)
Scrolls
 f - 2 scrolls of enchant weapon {unknown}
 i - a scroll of remove curse {unknown}
Potions
 c - a potion of resistance {unknown}
 d - 2 potions of might {unknown}
 e - a potion of berserk rage {unknown}
 g - a potion of curing {unknown}
 h - a potion of degeneration {unknown}
Comestibles
 b - 2 rations


   Skills:
 + Level 0.4 Short Blades
 + Level 1.7 Dodging
 + Level 1.7 Stealth
 - Level 2.0 Spellcasting
 + Level 1.0 Conjurations
 + Level 3.8 Fire Magic


You had 4 spell levels left.
You knew the following spells:

 Your Spells              Type           Power        Failure   Level  Hunger
a - Foxfire               Conj/Fire      #...         9%          1    #......

Your spell library contained the following spells:

 Spells                   Type           Power        Failure   Level  Hunger
 Conjure Flame            Conj/Fire      #.......     24%         3    ###....
 Inner Flame              Hex/Fire       #.......     30%         3    ###....
 Sticky Flame             Conj/Fire      #.......     63%         4    #####..
 Fireball                 Conj/Fire      #.........   92%         5    ######.


Dungeon Overview and Level Annotations

Branches:
Dungeon (2/15)

Altars:


Innate Abilities, Weirdness & Mutations

Your plain brown scales are hard. (AC +4)
You cannot fit into any form of body armour.
You are cold-blooded and may be slowed by cold attacks.


Message History

The worker ant is moderately wounded.
You feel sick. The worker ant bites you.
You closely miss the worker ant.
The worker ant is moderately wounded.
The worker ant closely misses you.
You barely miss the worker ant.
The worker ant is moderately wounded.
The worker ant bites you.
You are lethally poisoned!
The worker ant poisons you!
You barely miss the worker ant.
The worker ant is moderately wounded.
* * * LOW HITPOINT WARNING * * *
You feel sick. The worker ant bites you.
* * * LOW HITPOINT WARNING * * *
You barely miss the worker ant.
The worker ant is lightly wounded.
* * * LOW HITPOINT WARNING * * *
You feel sick. The worker ant misses you. The worker ant bites you.
You die...

......#....!....
..#........#.##
##............. .
.........#.#..##..
####...#.#..#....
..####...#.##......
#.........<...###
...####........####
......a@..#..#....#...
.#######..#...........
#.##.###....... .....#
#...... ......# ......
.....<.# ......
####### ..... #####


You could see a worker ant.

Vanquished Creatures
  A dart slug (D:1)
  2 giant cockroaches (D:1)
  4 goblins
  4 jackals (D:1)
  A bat (D:2)
  A rat (D:1)
13 creatures vanquished.

Vanquished Creatures (others)
  21 foxfires
21 creatures vanquished.

Grand Total: 34 creatures vanquished

Notes
Turn   | Place    | Note
-------+----------+-------------------------------------------
     0 | D:1      | Anathary the Draconian Fire Elementalist began the quest
                  | for the Orb.
     0 | D:1      | Reached XP level 1. HP: 14/14 MP: 3/3
   304 | D:1      | Reached XP level 2. HP: 20/20 MP: 0/5
   916 | D:2      | Slain by a worker ant

Levels and vault maps discovered:
D:1:      wheals_arrival_linesprint, layout_basic
D:2:      layout_rooms, minmay_domino_2

Action                   || total
-------------------------++-------
Melee: Dagger            ||    24
       Tailslap          ||     3
 Cast: Foxfire           ||    13
 Stab: Sleeping          ||     1
Armor: Skin              ||     2
Dodge: Dodged            ||    17

Table legend:
 A = Non-vault XP
 B = Vault XP
 C = Vault XP percentage of total XP
 D = Non-vault monster count
 E = Vault monster count
 F = Vault count percentage of total count
                 A         B        C        D         E       F
            +---------+---------+-------+---------+---------+-------
      Total |      26 |       0 |   0.0 |      13 |       0 |   0.0
            +---------+---------+-------+---------+---------+-------
        D:1 |      23 |       0 |   0.0 |      11 |       0 |   0.0
        D:2 |       3 |       0 |   0.0 |       2 |       0 |   0.0
            +---------+---------+-------+---------+---------+-------
